 Dungeon Crawl Stone Soup version 0.18-a0 (webtiles) character file.

612 Arkorax the Grappler (level 7, -2/64 HPs)
             Began as a Minotaur Monk on Oct 30, 2015.
             Killed from afar by an orc wizard (8 damage)
             ... with a puff of flame
             ... on level 4 of the Dungeon.
             The game lasted 00:07:51 (4223 turns).

Arkorax the Grappler (Minotaur Monk)                Turns: 4223, Time: 00:07:51

Health: -2/64      AC:  5    Str: 17      XL:     7   Next: 20%
Magic:  6/6        EV: 12    Int:  5 (7)  God:
Gold:   202        SH:  0    Dex: 13      Spells: 0 memorised, 6 levels left

rFire  . . .     SeeInvis .       - Unarmed
rCold  . . .     Clarity  .     p - +0 ring mail
rNeg   . . .     SustAt   .     (no shield)
rPois  .         Gourm    .     (helmet restricted)
rElec  .         Spirit   .     (no cloak)
rCorr  .         Warding  .     (no gloves)
rMut   .         Stasis   .     (no boots)
MR     .....                    (no amulet)
Stlth  +.........               (no ring)
                                (no ring)

@: not resistant to hostile enchantments, very unstealthy
A: retaliatory headbutt, hooves 1, horns 2
a: no special abilities


You were on level 4 of the Dungeon.
You were very hungry.

You visited 1 branch of the dungeon, and saw 4 of its levels.

You collected 202 gold pieces.

Inventory:

Armour
 a - a +0 robe
 h - a +0 chain mail
 p - a +0 ring mail (worn)
Scrolls
 c - 4 scrolls of recharging {unknown}
 e - 2 scrolls of teleportation {unknown}
 f - 2 scrolls of remove curse {unknown}
 g - a scroll of magic mapping {unknown}
 i - a scroll of immolation {unknown}
 k - a scroll of random uselessness {unknown}
 l - 5 scrolls of identify {unknown}
 m - a scroll of fear {unknown}
 o - a scroll of amnesia {unknown}
Potions
 r - a potion of agility
Comestibles
 b - 3 bread rations
 n - a royal jelly
 q - a beef jerky
 s - a meat ration


   Skills:
 * Level 6.8 Fighting
 - Level 3.2 Dodging
 - Level 1.5 Stealth
 * Level 8.1 Unarmed Combat


You had 6 spell levels left.
You didn't know any spells.

Dungeon Overview and Level Annotations

Branches:
Dungeon (4/15)
 Temple: D:4-7

Altars:
Makhleb


Innate Abilities, Weirdness & Mutations

You reflexively headbutt those who attack you in melee.
You have a pair of horns on your head.
You have large cloven feet.


Message History

The orc completely misses you.
Drink which item? (? for menu, Esc to quit)
It was a potion of beneficial mutation.
Your feet thicken and deform.
You feel fantastic!
You feel less confused. The orc hits you but does no damage.
You are feeling very hungry.
The orc barely misses you.
The orc priest calls down the wrath of Beogh upon you.
Something smites you!
* * * LOW HITPOINT WARNING * * *
The orc wizard points at you and mumbles some strange words.
You resist with some effort.
The orc wizard mumbles some strange words.
The orc wizard flickers and vanishes!
Deactivating autopickup; reactivate with Ctrl-A.
A puff of flame appears from out of thin air!
The puff of flame hits you!
You die...

.......##.......##.........##.#
.......##.......##.........##.###
.......##.......##.....#.####....
..#.......#...####.........######
...........................#
..........)................#
.......................#.######
..................<....#......#
......).........@......######.#
............o..............##.#
...........................##.#
..........o................##.#
..............................#
..............................#
..............................#
....[...................[)....#
........................[#.##.#


You could see an orc priest and an orc.

Vanquished Creatures
  The ghost of Ordine the Cudgeler, an amateur OgHu (D:4)
  A giant frog (D:4)
  An orc priest (D:3)
  A giant frog skeleton (D:4)
  2 worker ants (D:4)
  An iguana (D:4)
  Robin (D:2)
  6 adders
  2 oozes
  An adder skeleton (D:4)
  10 orcs
  4 giant cockroaches
  18 goblins
  8 hobgoblins
  9 bats
  4 giant geckos
  7 giant newts
  8 kobolds
  12 rats
97 creatures vanquished.

Notes
Turn   | Place    | Note
--------------------------------------------------------------
     0 | D:1      | Arkorax the Minotaur Monk began the quest for the Orb.
     0 | D:1      | Reached XP level 1. HP: 19/19 MP: 0/0
    37 | D:1      | Reached XP level 2. HP: 21/27 MP: 1/1
   692 | D:1      | Reached XP level 3. HP: 32/34 MP: 2/2
   754 | D:1      | Reached skill level 5 in Unarmed Combat
  1176 | D:2      | Noticed Robin
  1197 | D:2      | Killed Robin
  1211 | D:2      | Reached XP level 4. HP: 25/41 MP: 3/3
  2469 | D:3      | Found a burning altar of Makhleb.
  2636 | D:3      | Reached skill level 5 in Fighting
  2658 | D:3      | HP: 2/42 [orc priest/club (6)]
  2663 | D:3      | Reached skill level 6 in Unarmed Combat
  2663 | D:3      | Reached XP level 5. HP: 3/48 MP: 4/4
  3430 | D:4      | Noticed Ordine's ghost (amateur OgHu)
  3440 | D:4      | Killed Ordine's ghost
  3440 | D:4      | Reached skill level 7 in Unarmed Combat
  3440 | D:4      | Reached XP level 6. HP: 15/57 MP: 5/5
  3867 | D:4      | Reached XP level 7. HP: 49/64 MP: 6/6
  3962 | D:4      | Reached skill level 8 in Unarmed Combat
  4212 | D:4      | Gained mutation: You have large cloven feet. [potion of beneficial mutation]
  4223 | D:4      | Killed from afar by an orc wizard

Vault maps used:
D:1:      roderic_dead_forest
D:2:      first_bread, mrwooster_statue_mirror, uniq_jessica, uniq_robin
D:3:      lightli_temple_of_fire
D:4:      lemuel_round_altar

Action                   |  1- 3 |  4- 6 |  7- 9 || total
-------------------------+-------+-------+-------++-------
Melee: Unarmed           |    91 |   141 |    28 ||   260
  Use: Potion            |       |     2 |     2 ||     4
 Stab: Sleeping          |     2 |     3 |       ||     5
  Eat: Chunk             |     1 |     4 |       ||     5
       Bread ration      |       |     1 |       ||     1
